TOP OF THE 1ST |
Salem Sledgehammers batting - Pitching for Saskatoon Smokin' Guns : RHP José Fernández
|
Pitching: RHP José Fernández
|
|
Batting: RHB Jorge Molina
|
0-0: Ground out 1-3 (Groundball, P)
|
Batting: LHB Marcos Torres
|
0-0: Ball 1-0: Foul Ball, location: 2F 1-1: Ball 2-1: Swinging Strike 2-2: Ball 3-2: Base on Balls
|
Batting: LHB Miguel Gálvez
|
0-0: Fielders Choice at 2nd, 4-6 (Groundball, 34)
|
Batting: RHB Juan Morales
|
0-0: Called Strike 0-1: Swinging Strike 0-2: Foul Ball, location: 2F 0-2: Ball 1-2: 2-RUN HOME RUN (Flyball, 8LXD) (Inside the Park)
|
Batting: RHB John Burton
|
0-0: Fly out, F9 (Line Drive, 89S)
|
Top of the 1st over - 2 run(s), 1 hit(s), 0 error(s), 0 left on base; Salem 2 - Saskatoon 0 |
BOTTOM OF THE 1ST |
Saskatoon Smokin' Guns batting - Pitching for Salem Sledgehammers : RHP Juan Padilla
|
Pitching: RHP Juan Padilla
|
|
Batting: RHB Pedro Cabrera
|
0-0: Ball 1-0: Foul Ball, location: 2F 1-1: Reached on error, E6 (Groundball, 6)
|
Batting: RHB Julián García
|
0-0: Called Strike Pedro Cabrera steals 3rd base 0-1: Ball 1-1: Ball 2-1: Fly out, F9 (Line Drive, 9D) Runner from 3rd tags up, SCORES, no throw
|
Batting: RHB Brendon Little
|
0-0: Ball 1-0: Called Strike 1-1: Swinging Strike 1-2: DOUBLE (Groundball, 5L)
|
Batting: LHB José Domínguez
|
0-0: Ball 1-0: Ball 2-0: Swinging Strike 2-1: Swinging Strike 2-2: Strikes out swinging
|
Batting: RHB Joaquín Luna
|
0-0: Ball 1-0: Called Strike 1-1: Ball 2-1: Ball 3-1: Foul Ball, location: 2F 3-2: Base on Balls
|
Batting: LHB Rubén Salazar
|
0-0: Ball 1-0: SINGLE (Groundball, 56S) (infield hit) Brendon Little to third Joaquín Luna to second
|
Batting: RHB Henry Jackson
|
0-0: Swinging Strike 0-1: Fly out, F5 (Line Drive, 5F)
|
Bottom of the 1st over - 1 run(s), 2 hit(s), 1 error(s), 3 left on base; Salem 2 - Saskatoon 1 |
TOP OF THE 2ND |
Salem Sledgehammers batting - Pitching for Saskatoon Smokin' Guns : RHP José Fernández
|
Batting: RHB Ben Simpson
|
0-0: Called Strike 0-1: Called Strike 0-2: Strikes out swinging
|
Batting: SHB Carlos Ramírez
|
0-0: Ball 1-0: Fly out, F7 (Line Drive, 7)
|
Batting: RHB Carl Curry
|
0-0: Ground out 4-3 (Groundball, 4)
|
Top of the 2nd over - 0 run(s), 0 hit(s), 0 error(s), 0 left on base; Salem 2 - Saskatoon 1 |
BOTTOM OF THE 2ND |
Saskatoon Smokin' Guns batting - Pitching for Salem Sledgehammers : RHP Juan Padilla
|
Batting: RHB Johnny Hawson
|
0-0: DOUBLE (Line Drive, 9LS)
|
Batting: RHB Artie Turner
|
0-0: Swinging Strike 0-1: Foul Ball, location: 2F 0-2: Strikes out looking
|
Batting: RHB Pedro Cabrera
|
0-0: Ball 1-0: Ball 2-0: Called Strike 2-1: Foul Ball, location: 2F 2-2: Foul Ball, location: 2F 2-2: Ball 3-2: Ground out 3-1 (Groundball, 34) Johnny Hawson to third
|
Batting: RHB Julián García
|
0-0: SINGLE (Groundball, 4MD) Johnny Hawson scores
|
Batting: RHB Brendon Little
|
0-0: Ball 1-0: Fielders Choice at 2nd, 4-6 (Groundball, 4)
|
Bottom of the 2nd over - 1 run(s), 2 hit(s), 0 error(s), 0 left on base; Salem 2 - Saskatoon 2 |
TOP OF THE 3RD |
Salem Sledgehammers batting - Pitching for Saskatoon Smokin' Guns : RHP José Fernández
|
Batting: RHB Joe Wright
|
0-0: Ball 1-0: Ball 2-0: Called Strike 2-1: Fly out, F7 (Line Drive, 78M)
|
Batting: RHB Jorge Molina
|
0-0: Ground out 5-3 (Groundball, 56)
|
Batting: LHB Marcos Torres
|
0-0: Ball 1-0: Ball 2-0: Fly out, F2 (Popup, P)
|
Top of the 3rd over - 0 run(s), 0 hit(s), 0 error(s), 0 left on base; Salem 2 - Saskatoon 2 |
BOTTOM OF THE 3RD |
Saskatoon Smokin' Guns batting - Pitching for Salem Sledgehammers : RHP Juan Padilla
|
Batting: LHB José Domínguez
|
0-0: Swinging Strike 0-1: Ball 1-1: Swinging Strike 1-2: SINGLE (Groundball, 34S) (infield hit)
|
Batting: RHB Joaquín Luna
|
0-0: Ball 1-0: Ball 2-0: Ball 3-0: Base on Balls José Domínguez to second
|
Batting: LHB Rubén Salazar
|
0-0: Ball 1-0: Ball 2-0: Ball 3-0: Called Strike 3-1: DOUBLE (Line Drive, 9LS) José Domínguez scores Joaquín Luna to third
|
Pinch Runner at 2nd Rafael Gonzáles:
|
|
Batting: RHB Henry Jackson
|
0-0: Ball 1-0: Swinging Strike 1-1: Called Strike 1-2: Ball 2-2: Strikes out looking
|
Batting: RHB Johnny Hawson
|
0-0: Ball 1-0: SINGLE (Groundball, 34) (infield hit) Joaquín Luna scores Rafael Gonzáles to third
|
Batting: RHB Artie Turner
|
0-0: Called Strike 0-1: Ball 1-1: Ball Wild Pitch! Rafael Gonzáles scores Johnny Hawson to second 2-1: Ground out 6-3 (Groundball, 6) Johnny Hawson to third
|
Batting: RHB Pedro Cabrera
|
0-0: Foul Ball, location: 2F 0-1: Fly out, F8 (Flyball, 8RM)
|
Bottom of the 3rd over - 3 run(s), 3 hit(s), 0 error(s), 1 left on base; Salem 2 - Saskatoon 5 |
TOP OF THE 4TH |
Salem Sledgehammers batting - Pitching for Saskatoon Smokin' Guns : RHP José Fernández
|
Now in RF: Rafael Gonzáles
|
|
Batting: LHB Miguel Gálvez
|
0-0: Ball 1-0: Called Strike 1-1: Ball 2-1: Swinging Strike 2-2: Strikes out swinging
|
Batting: RHB Juan Morales
|
0-0: Foul Ball, location: 2F 0-1: Swinging Strike 0-2: Strikes out swinging
|
Batting: RHB John Burton
|
0-0: Ball 1-0: Called Strike 1-1: Ball 2-1: Ball 3-1: Base on Balls
|
Batting: RHB Ben Simpson
|
0-0: Ball 1-0: Ball 2-0: Ground out 5-3 (Groundball, 56S)
|
Top of the 4th over - 0 run(s), 0 hit(s), 0 error(s), 1 left on base; Salem 2 - Saskatoon 5 |
BOTTOM OF THE 4TH |
Saskatoon Smokin' Guns batting - Pitching for Salem Sledgehammers : RHP Juan Padilla
|
Batting: RHB Julián García
|
0-0: Ball 1-0: Ball 2-0: Ball 3-0: Base on Balls
|
Batting: RHB Brendon Little
|
0-0: Called Strike 0-1: Single, Error in OF, E8, batter to second base Julián García to third
|
Batting: LHB José Domínguez
|
0-0: Called Strike 0-1: Fly out, F7 (Flyball, 78S)
|
Batting: RHB Joaquín Luna
|
0-0: Foul Ball, location: 2F 0-1: Ball 1-1: Foul Ball, location: 2F 1-2: Fly out, F8 (Flyball, 8LM) Runner from 3rd tags up, SCORES, no throw
|
Pitching: RHP Duncan McBride
|
|
Batting: RHB Rafael Gonzáles
|
0-0: Ball 1-0: Swinging Strike 1-1: Ball 2-1: Foul Ball, location: 2F 2-2: Strikes out looking
|
Bottom of the 4th over - 1 run(s), 1 hit(s), 1 error(s), 1 left on base; Salem 2 - Saskatoon 6 |
TOP OF THE 5TH |
Salem Sledgehammers batting - Pitching for Saskatoon Smokin' Guns : RHP José Fernández
|
Batting: SHB Carlos Ramírez
|
0-0: Ball 1-0: Swinging Strike 1-1: Fly out, F9 (Line Drive, 89M)
|
Batting: RHB Carl Curry
|
0-0: Foul Ball, location: 2F 0-1: Called Strike 0-2: Ball 1-2: Ball 2-2: Foul Ball, location: 2F 2-2: Ball 3-2: Base on Balls
|
Batting: RHB Joe Wright
|
0-0: Fly out, F7 (Flyball, 78M)
|
Batting: RHB Jorge Molina
|
0-0: Fly out, F5 (Line Drive, 5)
|
Top of the 5th over - 0 run(s), 0 hit(s), 0 error(s), 1 left on base; Salem 2 - Saskatoon 6 |
BOTTOM OF THE 5TH |
Saskatoon Smokin' Guns batting - Pitching for Salem Sledgehammers : RHP Duncan McBride
|
Batting: RHB Henry Jackson
|
0-0: Ball 1-0: Ball 2-0: Ground out 4-3 (Groundball, 34)
|
Batting: RHB Johnny Hawson
|
0-0: Ball 1-0: DOUBLE (Line Drive, 78D)
|
Batting: RHB Artie Turner
|
0-0: Called Strike 0-1: Ball 1-1: Foul Ball, location: 2F 1-2: Foul Ball, location: 2F 1-2: Ball 2-2: DOUBLE (Flyball, 9) Johnny Hawson scores
|
Batting: RHB Pedro Cabrera
|
0-0: Intentional Walk
|
Batting: RHB Julián García
|
0-0: Grounds into double play, 4-6-3 (Groundball, 4)
|
Bottom of the 5th over - 1 run(s), 2 hit(s), 0 error(s), 1 left on base; Salem 2 - Saskatoon 7 |
TOP OF THE 6TH |
Salem Sledgehammers batting - Pitching for Saskatoon Smokin' Guns : RHP José Fernández
|
Batting: LHB Marcos Torres
|
0-0: Called Strike 0-1: Called Strike 0-2: Strikes out swinging
|
Batting: LHB Miguel Gálvez
|
0-0: SINGLE (Line Drive, 34)
|
Batting: RHB Juan Morales
|
0-0: Ground out 2-3 (Groundball, 15S) Miguel Gálvez to second
|
Batting: RHB John Burton
|
0-0: Ball 1-0: Ball 2-0: Called Strike 2-1: Swinging Strike 2-2: Foul Ball, location: 2F 2-2: Ball 3-2: Strikes out swinging
|
Top of the 6th over - 0 run(s), 1 hit(s), 0 error(s), 1 left on base; Salem 2 - Saskatoon 7 |
BOTTOM OF THE 6TH |
Saskatoon Smokin' Guns batting - Pitching for Salem Sledgehammers : RHP Duncan McBride
|
Batting: RHB Brendon Little
|
0-0: Ball 1-0: Ground out 5-3 (Groundball, 5)
|
Batting: LHB José Domínguez
|
0-0: Called Strike 0-1: Foul Ball, location: 2F 0-2: Ball 1-2: Ball 2-2: Ball 3-2: Foul Ball, location: 2F 3-2: Strikes out looking
|
Batting: RHB Joaquín Luna
|
0-0: Fly out, F6 (Popup, 56D)
|
Bottom of the 6th over - 0 run(s), 0 hit(s), 0 error(s), 0 left on base; Salem 2 - Saskatoon 7 |
TOP OF THE 7TH |
Salem Sledgehammers batting - Pitching for Saskatoon Smokin' Guns : RHP José Fernández
|
Batting: RHB Ben Simpson
|
0-0: Ball 1-0: Fly out, F6 (Popup, 6D)
|
Batting: SHB Carlos Ramírez
|
0-0: Called Strike 0-1: DOUBLE (Line Drive, 7LM)
|
Batting: RHB Carl Curry
|
0-0: Swinging Strike 0-1: Ball 1-1: Swinging Strike 1-2: Strikes out swinging
|
Batting: RHB Joe Wright
|
0-0: Called Strike 0-1: Ball 1-1: Ball 2-1: DOUBLE (Groundball, 5L) Carlos Ramírez scores
|
Batting: RHB Jorge Molina
|
0-0: Ground out 1-3 (Groundball, 13S)
|
Top of the 7th over - 1 run(s), 2 hit(s), 0 error(s), 1 left on base; Salem 3 - Saskatoon 7 |
BOTTOM OF THE 7TH |
Saskatoon Smokin' Guns batting - Pitching for Salem Sledgehammers : RHP Duncan McBride
|
Batting: RHB Rafael Gonzáles
|
0-0: DOUBLE (Line Drive, 8LM)
|
Batting: RHB Henry Jackson
|
0-0: Ball 1-0: Ball 2-0: Foul Ball, location: 2F 2-1: Swinging Strike 2-2: SINGLE (Line Drive, 6D) Rafael Gonzáles to third Runner from 3rd tries for Home, SAFE, no throw
|
Pitching: RHP Oliver Flores
|
|
Batting: RHB Johnny Hawson
|
0-0: Ball 1-0: Ball Wild Pitch! Henry Jackson to second 2-0: Intentional Walk
|
Batting: RHB Artie Turner
|
0-0: SINGLE (Line Drive, 78S) Henry Jackson to third Johnny Hawson to second
|
Batting: RHB Pedro Cabrera
|
0-0: Ball 1-0: Ball Wild Pitch! Henry Jackson scores Johnny Hawson to third Artie Turner to second 2-0: Ball 3-0: Base on Balls
|
Batting: RHB Julián García
|
0-0: Ball 1-0: Called Strike 1-1: Ball 2-1: Foul Ball, location: 2F 2-2: Fielders Choice at 2nd, 6-4 (Groundball, 6) Johnny Hawson scores Artie Turner to third
|
Batting: RHB Brendon Little
|
0-0: Ball Julián García steals 2nd base 1-0: Called Strike 1-1: Swinging Strike 1-2: Strikes out swinging
|
Batting: LHB José Domínguez
|
0-0: Ball 1-0: Ball 2-0: Foul Ball, location: 2F 2-1: Foul Ball, location: 2F 2-2: Hit by Pitch
|
Batting: RHB Joaquín Luna
|
0-0: Fly out, F8 (Flyball, 8LM)
|
Bottom of the 7th over - 3 run(s), 3 hit(s), 0 error(s), 3 left on base; Salem 3 - Saskatoon 10 |
TOP OF THE 8TH |
Salem Sledgehammers batting - Pitching for Saskatoon Smokin' Guns : RHP José Fernández
|
Now at 2B: Ty Adams
|
|
Batting: LHB Marcos Torres
|
0-0: Called Strike 0-1: Ball 1-1: Ball 2-1: Ball 3-1: Base on Balls
|
Pitching: LHP Ernesto Pérez
|
|
Batting: LHB Miguel Gálvez
|
0-0: Called Strike 0-1: Ball 1-1: Called Strike 1-2: TRIPLE (Flyball, 9LM) Marcos Torres scores
|
Batting: RHB Juan Morales
|
0-0: Ball 1-0: 2-RUN HOME RUN (Flyball, 78XD), Distance : 455 ft
|
Pitching: RHP Ismael Ramírez
|
|
Batting: RHB John Burton
|
0-0: Ball 1-0: Ball 2-0: Ball 3-0: Called Strike 3-1: Base on Balls
|
Batting: RHB Ben Simpson
|
0-0: Ball 1-0: Ball 2-0: Ball 3-0: Called Strike 3-1: Foul Ball, location: 2F 3-2: Strikes out swinging
|
Batting: SHB Carlos Ramírez
|
0-0: Called Strike 0-1: Fly out, F8 (Line Drive, 8LM)
|
Batting: RHB Carl Curry
|
0-0: Ball 1-0: Ball 2-0: Ball 3-0: Called Strike 3-1: Foul Ball, location: 2F 3-2: Foul Ball, location: 2F 3-2: Ground out 4-3 (Groundball, 4)
|
Top of the 8th over - 3 run(s), 2 hit(s), 0 error(s), 1 left on base; Salem 6 - Saskatoon 10 |
BOTTOM OF THE 8TH |
Saskatoon Smokin' Guns batting - Pitching for Salem Sledgehammers : RHP Oliver Flores
|
Batting: RHB Rafael Gonzáles
|
0-0: Foul Ball, location: 2F 0-1: Ball 1-1: Foul Ball, location: 2F 1-2: Foul Ball, location: 2F 1-2: Strikes out swinging
|
Batting: RHB Henry Jackson
|
0-0: Ball 1-0: Called Strike 1-1: Swinging Strike 1-2: Ball 2-2: Ball 3-2: Strikes out swinging
|
Batting: RHB Johnny Hawson
|
0-0: Called Strike 0-1: Ball 1-1: Called Strike 1-2: Foul Ball, location: 2F 1-2: Fly out, F9 (Flyball, 9LS)
|
Bottom of the 8th over - 0 run(s), 0 hit(s), 0 error(s), 0 left on base; Salem 6 - Saskatoon 10 |
TOP OF THE 9TH |
Salem Sledgehammers batting - Pitching for Saskatoon Smokin' Guns : RHP Ismael Ramírez
|
Batting: RHB Joe Wright
|
0-0: Foul Ball, location: 2F 0-1: Called Strike 0-2: Strikes out looking
|
Batting: RHB Jorge Molina
|
0-0: Foul Ball, location: 2F 0-1: Ball 1-1: Ball 2-1: Foul Ball, location: 2F 2-2: Hit by Pitch
|
Batting: LHB Marcos Torres
|
0-0: Ball 1-0: Ball 2-0: Called Strike 2-1: Foul Ball, location: 2F 2-2: Ball 3-2: Strikes out swinging
|
Batting: LHB Miguel Gálvez
|
0-0: Called Strike 0-1: Swinging Strike 0-2: Strikes out looking
|
Top of the 9th over - 0 run(s), 0 hit(s), 0 error(s), 1 left on base; Salem 6 - Saskatoon 10 |
|